 Dungeon Crawl Stone Soup version 0.28-a0-1616-g050a50673c (webtiles) character file.

Game seed: 16110127122403488362

838 cyrus the Covered (level 7, -2/61 HPs)
             Began as a Minotaur Fighter on Jan 22, 2022.
             Was a Priest of Fedhas.
             Slain by an orc (6 damage)
             ... on level 6 of the Dungeon.
             The game lasted 00:22:19 (5186 turns).

cyrus the Covered (Minotaur Fighter)                Turns: 5186, Time: 00:22:20

Health: -2/61      AC:  8    Str: 21    XL:     7   Next: 67%
Magic:  6/6        EV: 10    Int:  7    God:    Fedhas [***...]
Gold:   217        SH:  0    Dex:  9    Spells: 6/6 levels left

rFire   + . .      SeeInvis .   a - +0 trident
rCold   + . .      Faith    .   k - orb {light}
rNeg    . . .      Spirit   .   b - +1 scale mail
rPois   +          Reflect  .   (helmet restricted)
rElec   +          Harm     .   (no cloak)
rCorr   +          Rampage  .   (no gloves)
Will    .....      Clarity  +   (no boots)
Stlth   ..........              (no amulet)
HPRegen 0.20/turn               (no ring)
MPRegen 0.10/turn               (no ring)

@: resistant, glowing, unable to read
A: horns 2, retaliatory headbutt, fangs 1, clarity, inability to read while
threatened
a: Renounce Religion, Wall of Briars, Grow Ballistomycete


You were on level 6 of the Dungeon.
You worshipped Fedhas.
Fedhas was most pleased with you.
You visited 1 branch of the dungeon, and saw 6 of its levels.

You collected 217 gold pieces.

Inventory:

Hand Weapons
 a - a +0 trident (weapon)
 d - a +1 flail of protection
 i - a +0 dagger
 l - a +0 giant spiked club
 v - a +0 shortbow
Missiles
 j - 152 stones (quivered)
 w - 29 arrows
Armour
 b - a +1 scale mail (worn)
 c - a +0 buckler
 f - a +0 chain mail
 k - an orb of light (worn)
Magical Staves
 o - a staff of poison
Jewellery
 s - a ring of protection from fire
Wands
 g - a wand of digging (5)
 h - a wand of flame (15)
 m - a wand of iceblast (15)
 u - a wand of mindburst (9)
Scrolls
 e - 2 scrolls of amnesia
 n - 2 scrolls of immolation
 r - a scroll of teleportation
Potions
 q - a potion of lignification
 t - 2 potions of brilliance


   Skills:
 + Level 5.3 Fighting
 + Level 6.8 Polearms
 + Level 0.2 Throwing
 + Level 6.8 Armour
 + Level 1.4 Dodging
 + Level 1.5 Stealth
 + Level 4.3 Shields


You had 6 spell levels left.
You didn't know any spells.
Your spell library contained the following spells:

 Spells                   Type           Power      Damage    Failure   Level
 Pain                     Necr           0%         1d4       75%         1
 Call Canine Familiar     Summ           0%         N/A       98%         3
 Dazzling Flash           Conj/Hex       0%         N/A       98%         3
 Frozen Ramparts          Ice            0%         1d2       98%         3
 Portal Projectile        Hex/Tloc       0%         N/A       98%         3
 Ice Form                 Ice/Tmut       0%         N/A       100%        4
 Leda's Liquefaction      Hex/Erth       0%         N/A       100%        4
 Summon Ice Beast         Ice/Summ       0%         N/A       100%        4
 Agony                    Necr           0%         N/A       100%        5
 Excruciating Wounds      Necr           0%         N/A       100%        5
 Silence                  Hex/Air        0%         N/A       100%        5


Dungeon Overview and Level Annotations

Branches:
Dungeon (6/15)             Temple (0/1) D:4

Altars:
Fedhas

Shops:
D:5 :

Annotations:
D:6 Sigmund


Innate Abilities, Weirdness & Mutations

You have a pair of horns on your head.
You reflexively headbutt those who attack you in melee.
You have very sharp teeth.
You possess an exceptional clarity of mind.
You sometimes lose the ability to read scrolls when taking damage.


Message History

The orc closely misses you. You furiously retaliate!
You headbutt the orc, but do no damage.
Found a flail.
The orc hits you with a +0 war axe.
Sigmund hits you with a +0 scythe of protection.
The orc warrior hits you from afar with a +0 halberd.
You feel threatened and lose the ability to read scrolls!
The orc hits you with a +0 war axe.
You can read scrolls again.
Sigmund hits you but does no damage. The orc warrior closely misses you.
Sigmund closely misses you. The orc warrior closely misses you.
The orc warrior hits you from afar with a +0 halberd!
You feel threatened and lose the ability to read scrolls!
The orc closely misses you. Sigmund gestures at you while chanting.
You feel momentarily confused.
You feel better. The orc hits you but does no damage.
Sigmund hits you from afar with a +0 scythe of protection.
You hit the orc. You headbutt the orc.
You kill the orc!
Fedhas appreciates your contribution to the ecosystem.
The orc warrior barely misses you. Sigmund barely misses you.
The orc warrior closely misses you.
Things that are here:
a +0 club; a +0 leather armour You hit Sigmund.
Sigmund is severely wounded.
Sigmund hits you with a +0 scythe of protection!
The orc warrior hits you but does no damage.
You barely miss Sigmund. You bite Sigmund, but do no damage.
Sigmund is severely wounded.
Sigmund hits you with a +0 scythe of protection.
The orc warrior hits you with a +0 halberd!!
* * * LOW HITPOINT WARNING * * *
The orc barely misses you.
You hit Sigmund.
Sigmund is almost dead.
The orc hits you with a +0 war axe.
You die...
Fedhas appreciates your contribution to the ecosystem.

..............########.....?.#.
..............# #........##....
..............# #........# ...
..............# #........# .#
#########.....# #........###..#
#.....# #............. . ..
#........####.
....#####o.....$.#
........@@.......+
.....####o.....).# ...
...........# . ###.#+###...# #.
##.... ## .### #


You could see Sigmund (invisible), an orc warrior and an orc.

Vanquished Creatures
  An ice beast (D:5)
  2 ogres
  A necrophage (D:5)
  A centaur (D:6)
  A water moccasin zombie (D:5)
  A centaur zombie (D:6)
  A gnoll shaman (D:5)
  A hound (D:4)
  An iguana (D:6)
  2 scorpion zombies (D:5)
  An orc wizard (D:5)
  6 gnolls
  3 adders
  2 white imps
  An adder skeleton (D:4)
  3 dart slugs (D:1)
  5 orcs
  2 bats
  4 endoplasms
  2 giant cockroaches
  5 goblins
  7 hobgoblins
  2 jackals (D:1)
  7 kobolds
  2 quokkas
  8 ball pythons
  9 rats
81 creatures vanquished.

Notes
Turn   | Place    | Note
-------+----------+-------------------------------------------
     0 | D:1      | cyrus the Minotaur Fighter began the quest for the Orb.
     0 | D:1      | Reached XP level 1. HP: 19/19 MP: 0/0
   147 | D:1      | Reached XP level 2. HP: 27/27 MP: 1/1
   428 | D:1      | Reached XP level 3. HP: 33/33 MP: 2/2
   542 | D:1      | Found a faded altar of an unknown god.
   557 | D:1      | Prayed at the altar of an unknown god.
   557 | D:1      | Became a worshipper of Fedhas Madash
   557 | D:1      | Reached * piety under Fedhas
  1596 | D:2      | Reached XP level 4. HP: 40/40 MP: 3/3
  2001 | D:3      | Noticed an ogre
  2005 | D:3      | Killed an ogre
  2005 | D:3      | Reached ** piety under Fedhas
  2006 | D:3      | Reached XP level 5. HP: 18/47 MP: 4/4
  2871 | D:4      | Gained mutation: You sometimes lose the ability to read
                  | scrolls when taking damage. [potion of mutation]
  2871 | D:4      | Gained mutation: You have very sharp teeth. [potion of
                  | mutation]
  2871 | D:4      | Gained mutation: You possess an exceptional clarity of
                  | mind. [potion of mutation]
  2952 | D:4      | Upgraded the game from 0.28-a0-1613-gdaab1c2f9b to
                  | 0.28-a0-1616-g050a50673c
  3151 | D:4      | Reached skill level 5 in Armour
  3328 | D:4      | Found a staircase to the Ecumenical Temple.
  3500 | D:5      | Entered Level 5 of the Dungeon
  3510 | D:5      | Found Woguck's Book Boutique.
  3534 | D:5      | Reached skill level 1 in Stealth
  3542 | D:5      | Reached skill level 5 in Polearms
  3542 | D:5      | Reached XP level 6. HP: 23/53 MP: 5/5
  4138 | D:5      | Reached skill level 1 in Dodging
  4138 | D:5      | Reached XP level 7. HP: 31/60 MP: 6/6
  4446 | D:5      | Reached skill level 5 in Fighting
  4966 | D:6      | Reached *** piety under Fedhas
  5159 | D:6      | Noticed Sigmund
  5185 | D:6      | HP: 3/61 [orc warrior (21)]
  5186 | D:6      | Slain by an orc

Illustrated notes

Levels and vault maps discovered:
D:1:      tarquinn_simple_flora_water_e, layout_basic, basic_ecumenical_altar,
          minmay_distorted
D:2:      layout_rooms, serial_forest, infiniplex_forest_straight_2,
          infiniplex_forest_straight_3, infiniplex_forest_lined_room_2,
          infiniplex_forest_lined_corner, infiniplex_forest_straight_4,
          infiniplex_forest_lined_3_way, nicolae_concentric_dashed_squares_wild
D:3:      layout_loops_ring, chequers_serial_rivers_large_b
D:4:      layout_rooms, temple_pool_b
D:5:      wander_river, layout_cave_pools, serial_shops, shop
D:6:      layout_basic, mainiacjoe_overflow_concentric_impassable,
          portal_sewer_entry_f, grunt_decor_arrowhead, nicolae_shop_clearance,
          uniq_duvessa, uniq_sigmund

Skill      XL: |  1  2  3  4  5  6  7 |
---------------+----------------------+-----
Fighting       | 4 5 |  5.3
Armour         | 4 5 6 |  6.8
Shields        | 4 |  4.3
Polearms       | 3 4 5 6 |  6.8
Stealth        | 1 |  1.5
Dodging        | 1 |  1.4
Throwing       | |  0.2

Action                   |  1- 3 |  4- 6 |  7- 9 || total
-------------------------+-------+-------+-------++-------
Melee: Trident           |    71 |    93 |    38 ||   202
       Headbutt          |     7 |    25 |    11 ||    43
       Bite              |       |     6 |     5 ||    11
Throw: Throwing net      |       |     2 |       ||     2
       Stone             |       |     2 |     1 ||     3
  Use: Scroll            |     1 |    10 |     2 ||    13
       Potion            |       |     3 |     3 ||     6
Armor: Scale mail        |    26 |    26 |    15 ||    67
Dodge: Dodged            |    25 |    32 |    23 ||    80
Block: Buckler           |    12 |     3 |       ||    15

Table legend: (Time is in decaauts)
 A = Elapsed time spent in this place.
 B = Non-inter-level travel time spent in this place.
 C = Inter-level travel time spent in this place.
 D = Time resting spent in this place.
 E = Time spent auto-exploring this place.
 F = Levels seen in this place.
 G = Mean time per level.
                   A        B        C        D        E       F      G
               +--------+--------+--------+--------+--------+-----+--------+
         Total |   5272 |   5270 |      2 |   1310 |   2604 |   6 |  878.7 |
       Dungeon |   5272 |   5270 |      2 |   1310 |   2604 |   6 |  878.7 |
               +--------+--------+--------+--------+--------+-----+--------+

Top non-repeatable levels by time:
     D:5: 1308 daAuts
     D:1: 1165 daAuts
     D:3: 1129 daAuts
     D:2: 644 daAuts
     D:4: 636 daAuts
     D:6: 388 daAuts
